[Event "17th Memorial Lezcano Montalvo 2025"]
[Site "Gran Canaria"]
[Date "2025.04.13"]
[Round "2.1"]
[White "Bethencourt Hernandez, Alberto"]
[Black "Alsina Leal, Daniel"]
[Result "0-1"]
[Annotator "ChessBase"]
[ECO "B51"]
[WhiteElo "2122"]
[BlackElo "2496"]
[PlyCount "114"]
[EventDate "2025.04.13"]
[EventType "swiss"]
[EventCountry "ESP"]
[SourceTitle "playchess.com"]
[Source "ChessBase"]
[SourceQuality "1"]
[TimeControl "5400+30"]

1. e4 c5 2. Nf3 d6 3. Bb5+ Nd7 4. O-O a6 5. Bd3 e6 6. c3 Ngf6 7. Re1 b5 8. Bc2 Be7 9. d4 Bb7 10. Bf4 O-O 11. a4 Qc7 12. Qe2 e5 13. Bg3 Nh5 14. dxe5 Nxg3 15. hxg3 dxe5 16. axb5 axb5 17. Rxa8 Rxa8 18. Qxb5 Ba6 19. Qb3 c4 20. Qa2 Bc5 21. b4 Bb6 22. Qb2 Nf6 23. Rf1 Ng4 24. Nh2 Nxh2 25. Kxh2 Rd8 26. Bd1 Qd6 27. Be2 Qh6+ 28. Kg1 Qg5 29. Qa2 Bb7 30. Qxc4 Qxg3 31. Bf3 Qg6 32. Qe2 h5 33. Re1 h4 34. Bh5 Qg5 35. Qg4 Qxg4 36. Bxg4 Ra8 37. Nd2 Ra2 38. Re2 Rc2 39. Nc4 Rc1+ 40. Kh2 Bc7 41. Re3 Ba6 42. Be2 Rc2 43. Kh3 Bd8 44. Bd1 Rxf2 45. Nxe5 Rd2 46. Bb3 Bc8+ 47. g4 hxg3+ 48. Kxg3 Bc7 49. Bxf7+ Kf8 50. Rf3 Bxe5+ 51. Kh4 Rh2+ 52. Kg5 Rg2+ 53. Kh4 Bf6+ 54. Rxf6 gxf6 55. Bd5 Rg4+ 56. Kh5 Rg3 57. c4 Kg7 0-1

[Event "17th Memorial Lezcano Montalvo 2025"]
[Site "Gran Canaria"]
[Date "2025.04.13"]
[Round "2.2"]
[White "Kaczur, Florian"]
[Black "Krilovs, Nikolajs"]
[Result "1/2-1/2"]
[Annotator "ChessBase"]
[ECO "A12"]
[WhiteElo "2495"]
[BlackElo "2112"]
[PlyCount "160"]
[EventDate "2025.04.13"]
[EventType "swiss"]
[EventCountry "ESP"]
[SourceTitle "playchess.com"]
[Source "ChessBase"]
[SourceQuality "1"]
[TimeControl "5400+30"]

1. b3 d5 2. Bb2 Bf5 3. Nf3 e6 4. d3 h6 5. g3 Nf6 6. Bg2 Be7 7. O-O O-O 8. Nbd2 a5 9. a3 Nbd7 10. c4 c6 11. Rc1 Re8 12. Rc2 Bh7 13. Qa1 a4 14. b4 c5 15. bxc5 Nxc5 16. Ne5 Bf8 17. Qa2 Ra6 18. Rfc1 d4 19. Rb1 Qd6 20. Ndf3 Nb3 21. c5 Qc7 22. Nxd4 Qxe5 23. Nxb3 axb3 24. Qxb3 Qc7 25. Qxb7 Ra7 26. Qxc7 Rxc7 27. Rbc1 Rec8 28. c6 Bd6 29. e4 Ne8 30. a4 Ra7 31. Rc4 Rca8 32. Ra1 Bc7 33. Rb4 f6 34. d4 Nd6 35. e5 Ba5 36. exd6 Bxb4 37. d7 Ba5 38. d5 exd5 39. Bxd5+ Kh8 40. Bd4 Ra6 41. c7 Bxc7 42. Bxa8 Rxa8 43. Rc1 Bd8 44. Rc8 Be4 45. Bb6 Bb7 46. Rxd8+ Rxd8 47. Bxd8 Bc6 48. a5 Bxd7 49. a6 Kg8 50. a7 Bc6 51. Kf1 Kf7 52. Ke2 Ke6 53. Kd3 f5 54. Kd4 g6 55. Ba5 h5 56. Bd2 Ba8 57. Ke3 Bb7 58. Kf4 Ba8 59. Kg5 Kf7 60. f4 Bb7 61. Be1 Bc6 62. h4 Bf3 63. g4 hxg4 64. h5 gxh5 65. Kxf5 Ke7 66. Ke5 Kf7 67. Kf5 Ke7 68. Kg5 Kf7 69. Bg3 Ke6 70. f5+ Kf7 71. Bh4 Kg7 72. Be1 Kf7 73. Bf2 Kg7 74. Bh4 Kf7 75. f6 Be4 76. Kf4 Bd5 77. Kf5 Bc6 78. Kg5 Be4 79. Bf2 Bf3 80. Bh4 Be4 1/2-1/2

[Event "17th Memorial Lezcano Montalvo 2025"]
[Site "Gran Canaria"]
[Date "2025.04.13"]
[Round "2.3"]
[White "Ramirez Maillo, Cristian"]
[Black "Korneev, Oleg"]
[Result "0-1"]
[Annotator "ChessBase"]
[ECO "B22"]
[WhiteElo "2106"]
[BlackElo "2466"]
[PlyCount "54"]
[EventDate "2025.04.13"]
[EventType "swiss"]
[EventCountry "ESP"]
[SourceTitle "playchess.com"]
[Source "ChessBase"]
[SourceQuality "1"]
[TimeControl "5400+30"]

1. e4 c5 2. c3 d5 3. exd5 Qxd5 4. d4 Nf6 5. Nf3 e6 6. Bd3 Be7 7. O-O O-O 8. Be3 Rd8 9. Qe2 Nc6 10. a3 b6 11. Rd1 cxd4 12. cxd4 Bb7 13. Nc3 Qh5 14. Bc4 Na5 15. Ba2 Rac8 16. Rd2 Bxf3 17. Qxf3 Qxf3 18. gxf3 Bxa3 19. Ne4 Be7 20. Nxf6+ Bxf6 21. Rad1 Nc6 22. d5 Nb4 23. Bb3 Nxd5 24. Bxd5 Rxd5 25. Rxd5 exd5 26. Rxd5 Bxb2 27. Rd2 Bc1 0-1

[Event "17th Memorial Lezcano Montalvo 2025"]
[Site "Gran Canaria"]
[Date "2025.04.13"]
[Round "2.4"]
[White "Petriashvili, Nikoloz"]
[Black "Halldorsson, Halldor"]
[Result "1-0"]
[Annotator "ChessBase"]
[ECO "A05"]
[WhiteElo "2459"]
[BlackElo "2103"]
[PlyCount "63"]
[EventDate "2025.04.13"]
[EventType "swiss"]
[EventCountry "ESP"]
[SourceTitle "playchess.com"]
[Source "ChessBase"]
[SourceQuality "1"]
[TimeControl "5400+30"]

1. Nf3 Nf6 2. g3 g6 3. b3 Bg7 4. Bb2 O-O 5. Bg2 d5 6. c4 c5 7. cxd5 Qxd5 8. Nc3 Qd8 9. Rc1 Nbd7 10. Na4 Qa5 11. O-O Rb8 12. Ne5 c4 13. Bc3 Qc7 14. Nxc4 Qd8 15. Ne5 Ne8 16. Nxd7 Bxd7 17. Nc5 Bc8 18. Bxg7 Nxg7 19. d4 b6 20. Ne4 Bb7 21. e3 Nf5 22. Qe2 Rc8 23. Nf6+ exf6 24. Bxb7 Rc7 25. Bf3 h5 26. Qd2 Rxc1 27. Rxc1 Qd6 28. Rc6 Qa3 29. Rxf6 Ne7 30. d5 Rd8 31. d6 Nf5 32. Qd5 1-0

[Event "17th Memorial Lezcano Montalvo 2025"]
[Site "Gran Canaria"]
[Date "2025.04.13"]
[Round "2.5"]
[White "Blanco Garcia Bajo, David"]
[Black "Maerevoet, Sim"]
[Result "1-0"]
[Annotator "ChessBase"]
[ECO "B26"]
[WhiteElo "2098"]
[BlackElo "2451"]
[PlyCount "93"]
[EventDate "2025.04.13"]
[EventType "swiss"]
[EventCountry "ESP"]
[SourceTitle "playchess.com"]
[Source "ChessBase"]
[SourceQuality "1"]
[TimeControl "5400+30"]

1. e4 c5 2. Nc3 Nc6 3. g3 g6 4. Bg2 Bg7 5. d3 d6 6. Be3 Rb8 7. Qd2 b5 8. Nge2 b4 9. Nd1 a5 10. O-O h5 11. h3 e6 12. a3 Nd4 13. axb4 axb4 14. Bxd4 cxd4 15. b3 Ne7 16. f4 Qb6 17. Nb2 d5 18. Kh1 Bb7 19. Qe1 O-O 20. Qf2 Rfc8 21. Na4 Qa7 22. Ra2 dxe4 23. dxe4 Ba6 24. Rd1 Bxe2 25. Qxe2 Qc7 26. Rd2 h4 27. Qg4 hxg3 28. Qxg3 Bh6 29. Rf2 Kh7 30. Nb2 Ra8 31. Rxa8 Rxa8 32. Nd3 Qc3 33. Qh4 Ng8 34. f5 Ra1+ 35. Bf1 exf5 36. exf5 g5 37. Qe4 Kg7 38. Qe5+ Nf6 39. Kh2 Ra2 40. Nf4 gxf4 41. Rg2+ Kh7 42. Qxf6 Qc7 43. Kh1 Ra1 44. Rg1 Qb7+ 45. Kh2 Rd1 46. Rg6 fxg6 47. fxg6+ 1-0

[Event "17th Memorial Lezcano Montalvo 2025"]
[Site "Gran Canaria"]
[Date "2025.04.13"]
[Round "2.6"]
[White "Larino Nieto, David"]
[Black "Hu, Jiani"]
[Result "1-0"]
[Annotator "ChessBase"]
[ECO "A00"]
[WhiteElo "2448"]
[BlackElo "2091"]
[PlyCount "69"]
[EventDate "2025.04.13"]
[EventType "swiss"]
[EventCountry "ESP"]
[SourceTitle "playchess.com"]
[Source "ChessBase"]
[SourceQuality "1"]
[TimeControl "5400+30"]

1. d3 d5 2. Nd2 Nf6 3. b3 e5 4. Bb2 Bd6 5. e4 c6 6. Ngf3 Qe7 7. a3 Nbd7 8. Nh4 Nc5 9. exd5 cxd5 10. g3 O-O 11. Bg2 Bg4 12. Bf3 Bh3 13. g4 e4 14. Nf5 Qe6 15. dxe4 dxe4 16. Be2 b5 17. Nxd6 Qxd6 18. Nf1 Qc6 19. Ne3 Rad8 20. Qc1 Qe6 21. Bxb5 Nxg4 22. Bc4 Qd7 23. Rg1 g6 24. Nd5 Qb7 25. Rxg4 Rxd5 26. Qh6 Ne6 27. Qxh3 Rf5 28. Bxe6 fxe6 29. Rxg6+ hxg6 30. Qh8+ Kf7 31. Qg7+ Ke8 32. Qxb7 Rxf2 33. O-O-O R2f7 34. Qc8+ Ke7 35. Qd7# 1-0

[Event "17th Memorial Lezcano Montalvo 2025"]
[Site "Gran Canaria"]
[Date "2025.04.13"]
[Round "2.7"]
[White "Cruz Ramirez, Nauzet"]
[Black "Pap, Misa"]
[Result "0-1"]
[Annotator "ChessBase"]
[ECO "A57"]
[WhiteElo "2076"]
[BlackElo "2444"]
[PlyCount "92"]
[EventDate "2025.04.13"]
[EventType "swiss"]
[EventCountry "ESP"]
[SourceTitle "playchess.com"]
[Source "ChessBase"]
[SourceQuality "1"]
[TimeControl "5400+30"]

1. d4 Nf6 2. c4 c5 3. d5 b5 4. cxb5 a6 5. f3 axb5 6. e4 Qa5+ 7. Bd2 b4 8. Na3 d6 9. Nc4 Qd8 10. a4 e6 11. Bg5 h6 12. Bxf6 gxf6 13. Ne3 h5 14. Bb5+ Ke7 15. Ne2 Bh6 16. Qb3 Ba6 17. Bxa6 Rxa6 18. O-O Bxe3+ 19. Qxe3 Nd7 20. Kh1 h4 21. f4 h3 22. b3 hxg2+ 23. Kxg2 Qg8+ 24. Kh1 Qh7 25. Rf2 f5 26. Ng3 Nf6 27. Qe2 Raa8 28. exf5 Rag8 29. Rg2 Nxd5 30. Rf1 Nc3 31. Qf3 Rxg3 32. Qxg3 Qxf5 33. Qg5+ Qf6 34. Re1 Rh3 35. Qxf6+ Kxf6 36. Rg3 Rh4 37. Kg2 d5 38. a5 Rh8 39. Ra1 Ne2 40. Rf3 Nd4 41. Rg3 c4 42. bxc4 dxc4 43. a6 c3 44. Rd3 Nb3 45. Rb1 Nc5 46. Rd4 c2 0-1

[Event "17th Memorial Lezcano Montalvo 2025"]
[Site "Gran Canaria"]
[Date "2025.04.13"]
[Round "2.8"]
[White "Martinez Ramirez, Lennis"]
[Black "Sukhodolskyi, Oleksii"]
[Result "1-0"]
[Annotator "ChessBase"]
[ECO "A28"]
[WhiteElo "2443"]
[BlackElo "2070"]
[PlyCount "115"]
[EventDate "2025.04.13"]
[EventType "swiss"]
[EventCountry "ESP"]
[SourceTitle "playchess.com"]
[Source "ChessBase"]
[SourceQuality "1"]
[TimeControl "5400+30"]

1. c4 Nf6 2. Nc3 e5 3. Nf3 Nc6 4. e3 Bb4 5. Qc2 Bxc3 6. Qxc3 Qe7 7. a3 a5 8. Be2 a4 9. b4 axb3 10. Bb2 Ne4 11. Qxb3 Nc5 12. Qc2 Na4 13. Bc1 d6 14. Rb1 Qf6 15. O-O O-O 16. d3 Ra7 17. Ne1 Qg6 18. f4 f5 19. fxe5 dxe5 20. c5 f4 21. Bf3 Bf5 22. Be4 Qe6 23. Nf3 Bxe4 24. dxe4 h6 25. Rd1 Qg6 26. exf4 exf4 27. Rd5 Re8 28. Rf5 Qe6 29. Bxf4 g6 30. Rd5 Qxe4 31. Rc1 Qxc2 32. Rxc2 g5 33. Bxc7 Re3 34. Rd6 g4 35. Rg6+ Kf7 36. Rxg4 Rc3 37. Rf4+ Kg8 38. Re2 Ra8 39. Ne5 Nxe5 40. Bxe5 Rc1+ 41. Kf2 Nxc5 42. Rg4+ Kf7 43. Rg7+ Kf8 44. Re3 Rc2+ 45. Kg3 Ra6 46. Rc7 Rg6+ 47. Kh3 Rc6 48. Bg7+ Kg8 49. Re8+ Kh7 50. Rh8+ Kg6 51. Rxh6+ Kg5 52. Rhxc6 bxc6 53. Rxc6 Rc4 54. g3 Kh5 55. Bf8 Ra4 56. Rxc5+ Kg6 57. Rc6+ Kh5 58. g4+ 1-0

[Event "17th Memorial Lezcano Montalvo 2025"]
[Site "Gran Canaria"]
[Date "2025.04.13"]
[Round "2.9"]
[White "Sosa Suarez, Carla Cristina"]
[Black "Kovchan, Alexander"]
[Result "0-1"]
[Annotator "ChessBase"]
[ECO "B27"]
[WhiteElo "2056"]
[BlackElo "2433"]
[PlyCount "50"]
[EventDate "2025.04.13"]
[EventType "swiss"]
[EventCountry "ESP"]
[SourceTitle "playchess.com"]
[Source "ChessBase"]
[SourceQuality "1"]
[TimeControl "5400+30"]

1. e4 c6 2. d4 d5 3. e5 g6 4. Nf3 Bg7 5. c4 Nh6 6. Nc3 O-O 7. cxd5 cxd5 8. Qb3 Nc6 9. Bxh6 Bxh6 10. Be2 Bg4 11. Rd1 e6 12. Qxb7 Na5 13. Qa6 Rb8 14. b3 Rc8 15. Na4 Rc2 16. Nc5 Qc7 17. Bb5 Rb8 18. b4 Rb2 19. a3 Bxf3 20. gxf3 Nb3 21. Qc6 Qd8 22. Ba4 Qh4 23. Nd3 Nxd4 24. Nxb2 Nxc6 25. Bxc6 Qh5 0-1

[Event "17th Memorial Lezcano Montalvo 2025"]
[Site "Gran Canaria"]
[Date "2025.04.13"]
[Round "2.10"]
[White "Fiorito, Francisco"]
[Black "Camino Carrio, Nicanor"]
[Result "1-0"]
[Annotator "ChessBase"]
[ECO "A48"]
[WhiteElo "2431"]
[BlackElo "2045"]
[PlyCount "45"]
[EventDate "2025.04.13"]
[EventType "swiss"]
[EventCountry "ESP"]
[SourceTitle "playchess.com"]
[Source "ChessBase"]
[SourceQuality "1"]
[TimeControl "5400+30"]

1. d4 Nf6 2. Nf3 g6 3. Bf4 Bg7 4. e3 d6 5. h3 O-O 6. Be2 Nc6 7. Bh2 Nd7 8. O-O e5 9. c4 Kh8 10. Nc3 f5 11. Rc1 e4 12. Nd2 g5 13. f3 f4 14. fxe4 fxe3 15. Nf3 g4 16. hxg4 Nf6 17. d5 Nxg4 18. dxc6 Rxf3 19. Rxf3 Nxh2 20. Rf7 Be5 21. cxb7 Qh4 22. Qe1 Bg3 23. Qxg3 1-0

[Event "17th Memorial Lezcano Montalvo 2025"]
[Site "Gran Canaria"]
[Date "2025.04.13"]
[Round "2.11"]
[White "Fernandez Lozano, Francesc"]
[Black "Yelisieiev, Yevhenii"]
[Result "0-1"]
[Annotator "ChessBase"]
[ECO "B23"]
[WhiteElo "2042"]
[BlackElo "2413"]
[PlyCount "90"]
[EventDate "2025.04.13"]
[EventType "swiss"]
[EventCountry "ESP"]
[SourceTitle "playchess.com"]
[Source "ChessBase"]
[SourceQuality "1"]
[TimeControl "5400+30"]

1. e4 c5 2. Nc3 Nc6 3. Bb5 Nd4 4. Bc4 Nf6 5. d3 e6 6. a4 d5 7. Ba2 dxe4 8. dxe4 b6 9. Be3 Ba6 10. f3 Qc7 11. Nb5 Nxb5 12. axb5 Bxb5 13. c4 Bc6 14. Ne2 Bd6 15. Qc2 O-O-O 16. O-O-O Bxh2 17. Rxd8+ Rxd8 18. Bb3 Be5 19. Bd2 h6 20. Rd1 Nh5 21. Kb1 Nf4 22. Nxf4 Bxf4 23. Bxf4 Qxf4 24. Rxd8+ Kxd8 25. Ba4 Qd6 26. Bxc6 Qxc6 27. e5 Qc7 28. Qe4 Ke7 29. f4 Qd7 30. g3 g6 31. Qf3 h5 32. b3 Kf8 33. Kc2 Kg7 34. Qh1 a5 35. Qh4 a4 36. bxa4 Qxa4+ 37. Kd2 Qb4+ 38. Kd3 Qb1+ 39. Kd2 Qf5 40. Ke3 f6 41. Qh1 fxe5 42. Qb7+ Kh6 43. Qb8 exf4+ 44. gxf4 Qf6 45. Qxb6 Qc3+ 0-1

[Event "17th Memorial Lezcano Montalvo 2025"]
[Site "Gran Canaria"]
[Date "2025.04.13"]
[Round "2.12"]
[White "Ambartsumova, Karina"]
[Black "Roquero Redondo, Miguel"]
[Result "1/2-1/2"]
[Annotator "ChessBase"]
[ECO "D35"]
[WhiteElo "2405"]
[BlackElo "2037"]
[PlyCount "50"]
[EventDate "2025.04.13"]
[EventType "swiss"]
[EventCountry "ESP"]
[SourceTitle "playchess.com"]
[Source "ChessBase"]
[SourceQuality "1"]
[TimeControl "5400+30"]

1. d4 d5 2. c4 e6 3. Nc3 Nf6 4. cxd5 exd5 5. Bg5 c6 6. e3 Be7 7. Bd3 Nbd7 8. h3 Nf8 9. Bf4 Ne6 10. Be5 O-O 11. Qc2 g6 12. Nf3 Ng7 13. g4 a5 14. O-O-O b5 15. Kb1 a4 16. g5 Nfe8 17. e4 Qa5 18. exd5 b4 19. Ne4 cxd5 20. Nf6+ Bxf6 21. gxf6 Nh5 22. Qc1 Ba6 23. Qh6 Bxd3+ 24. Rxd3 Qa6 25. Rd2 Qe6 1/2-1/2

[Event "17th Memorial Lezcano Montalvo 2025"]
[Site "Gran Canaria"]
[Date "2025.04.13"]
[Round "2.13"]
[White "Rodriguez Melian, Jose Luis"]
[Black "Fiorito, Joaquin"]
[Result "0-1"]
[Annotator "ChessBase"]
[ECO "E71"]
[WhiteElo "2029"]
[BlackElo "2402"]
[PlyCount "133"]
[EventDate "2025.04.13"]
[EventType "swiss"]
[EventCountry "ESP"]
[SourceTitle "playchess.com"]
[Source "ChessBase"]
[SourceQuality "1"]
[TimeControl "5400+30"]

1. d4 Nf6 2. c4 g6 3. Nc3 Bg7 4. e4 d6 5. h3 O-O 6. Be3 c5 7. dxc5 Qa5 8. Bd3 dxc5 9. e5 Nh5 10. Nf3 Nc6 11. Qe2 Nxe5 12. Nxe5 Bxe5 13. O-O Bxc3 14. bxc3 Be6 15. g4 Ng7 16. Be4 Qa6 17. Rfb1 Bxc4 18. Qf3 Qd6 19. Rd1 Qe5 20. Bf4 Qf6 21. g5 Qe6 22. Re1 Rad8 23. Bxb7 Rd3 24. Qxd3 Bxd3 25. Rxe6 Nxe6 26. Be3 Bc4 27. Rd1 Rb8 28. Bf3 Bxa2 29. Rd7 a5 30. Ra7 Rb5 31. Bc6 Rb1+ 32. Kh2 Rd1 33. Bf3 Rd3 34. Rxa5 Bd5 35. Bg4 Rxc3 36. Bxe6 Bxe6 37. Rxc5 Rd3 38. h4 f6 39. gxf6 exf6 40. Rc7 Bd7 41. Kg3 Kf7 42. Ra7 g5 43. hxg5 fxg5 44. Kf3 Kg6 45. Ke4 Rd1 46. Bd4 Bc6+ 47. Ke5 Bg2 48. Ra1 Rd3 49. Rg1 Bf3 50. Rc1 Rb3 51. Rc8 Rb5+ 52. Bc5 h5 53. Kd4 h4 54. Rh8 Kf5 55. Rf8+ Kg4 56. Kc4 Rb1 57. Bd6 Rf1 58. Bc5 h3 59. Rh8 Rg1 60. Kd3 Re1 61. Bd4 Re7 62. Be3 Bc6 63. Rg8 Rxe3+ 64. Kxe3 h2 65. f4 h1=Q 66. Rxg5+ Kh4 67. Kd4 0-1

[Event "17th Memorial Lezcano Montalvo 2025"]
[Site "Gran Canaria"]
[Date "2025.04.13"]
[Round "2.14"]
[White "Gomez Ledo, Roberto Carlos"]
[Black "Sanchez Gonzalez, Diego"]
[Result "0-1"]
[Annotator "ChessBase"]
[ECO "A30"]
[WhiteElo "2396"]
[BlackElo "2025"]
[PlyCount "81"]
[EventDate "2025.04.13"]
[EventType "swiss"]
[EventCountry "ESP"]
[SourceTitle "playchess.com"]
[Source "ChessBase"]
[SourceQuality "1"]
[TimeControl "5400+30"]

1. Nf3 Nf6 2. b3 g6 3. Bb2 Bg7 4. g3 b6 5. Bg2 Bb7 6. O-O O-O 7. c4 c5 8. Nc3 Nc6 9. Re1 d6 10. d4 Nxd4 11. Nxd4 Bxg2 12. Kxg2 cxd4 13. Qxd4 Nd7 14. Qd2 Rc8 15. Rad1 a6 16. h4 h5 17. e4 Nc5 18. Re2 Qd7 19. Nd5 Qb7 20. Bxg7 Kxg7 21. Kh2 b5 22. cxb5 axb5 23. f4 e6 24. Qd4+ f6 25. Nb4 e5 26. Qe3 Rcd8 27. Nd5 Ne6 28. Rg2 f5 29. exf5 Rxf5 30. Qe4 Rdf8 31. Re2 Nc5 32. Qc2 Ne6 33. Qb2 Kh7 34. Rdd2 Qg7 35. Ne3 R5f7 36. fxe5 dxe5 37. Nc2 Nc5 38. Ne1 Nd7 39. Nd3 Rf5 40. Qc3 Nf6 41. Nf2 0-1

[Event "17th Memorial Lezcano Montalvo 2025"]
[Site "Gran Canaria"]
[Date "2025.04.13"]
[Round "2.15"]
[White "Torres Rebolledo, Marcos"]
[Black "Akhvlediani, Irakli"]
[Result "0-1"]
[Annotator "ChessBase"]
[ECO "A43"]
[WhiteElo "2010"]
[BlackElo "2387"]
[PlyCount "120"]
[EventDate "2025.04.13"]
[EventType "swiss"]
[EventCountry "ESP"]
[SourceTitle "playchess.com"]
[Source "ChessBase"]
[SourceQuality "1"]
[TimeControl "5400+30"]

1. d4 g6 2. c4 Bg7 3. Nc3 c5 4. d5 d6 5. e4 e6 6. Bd3 Ne7 7. Bf4 O-O 8. Qd2 e5 9. Bh6 f5 10. h4 f4 11. Bxg7 Kxg7 12. Nf3 h6 13. O-O-O Nd7 14. Rdf1 Nf6 15. Be2 a6 16. g3 fxg3 17. fxg3 b5 18. cxb5 axb5 19. Bxb5 Bd7 20. Bc4 Qa5 21. Qc2 Ng4 22. Qe2 Ng8 23. Nh2 N8f6 24. Nxg4 Bxg4 25. Qc2 Qb4 26. Qb3 Rab8 27. Rh2 Qxb3 28. Bxb3 Nh5 29. Rhf2 Nxg3 30. Rxf8 Rxf8 31. Rxf8 Kxf8 32. a4 Ne2+ 33. Kd2 Nxc3 34. bxc3 Ke7 35. a5 Kd8 36. Ba4 Kc7 37. Be8 g5 38. hxg5 hxg5 39. Ke3 Kb7 40. Bb5 Ka7 41. Kf2 Bd1 42. Bc4 Bc2 43. Kf3 Bd1+ 44. Kf2 Kb7 45. Kg3 Kc7 46. Kf2 Bc2 47. Kf3 Bb1 48. Kg4 Bxe4 49. Kxg5 Bc2 50. Kf6 e4 51. Ke7 Bd3 52. Bxd3 exd3 53. a6 d2 54. a7 Kb7 55. Kxd6 d1=Q 56. Kxc5 Qb3 57. Kd6 Qxc3 58. a8=Q+ Kxa8 59. Kd7 Kb7 60. d6 Qe5 0-1

[Event "17th Memorial Lezcano Montalvo 2025"]
[Site "Gran Canaria"]
[Date "2025.04.13"]
[Round "2.16"]
[White "Barski, Radoslaw"]
[Black "Bolivar Castro, Alejandro"]
[Result "1-0"]
[Annotator "ChessBase"]
[ECO "B07"]
[WhiteElo "2385"]
[BlackElo "2006"]
[PlyCount "61"]
[EventDate "2025.04.13"]
[EventType "swiss"]
[EventCountry "ESP"]
[SourceTitle "playchess.com"]
[Source "ChessBase"]
[SourceQuality "1"]
[TimeControl "5400+30"]

1. e4 d6 2. d4 Nf6 3. Nc3 e5 4. Nge2 Be7 5. h3 O-O 6. g4 c6 7. Bg2 Nbd7 8. O-O h6 9. Ng3 Re8 10. Be3 Nf8 11. f4 b6 12. Qd2 exf4 13. Rxf4 Ng6 14. Rf2 Nh7 15. Raf1 Ng5 16. Nf5 Bxf5 17. gxf5 Nh4 18. Rf4 Nxg2 19. Qxg2 Bf6 20. Rg4 Nh7 21. Bxh6 Bxd4+ 22. Kh1 Kf8 23. f6 Nxf6 24. Bxg7+ Ke7 25. Bxf6+ Bxf6 26. Qf3 Kd7 27. Qxf6 Re7 28. Rg7 Qh8 29. Qf5+ Kc7 30. Qh7 Kd7 31. Rfxf7 1-0

[Event "17th Memorial Lezcano Montalvo 2025"]
[Site "Gran Canaria"]
[Date "2025.04.13"]
[Round "2.17"]
[White "Schmitz, Andreas Arnold"]
[Black "Narciso Dublan, Marc"]
[Result "0-1"]
[Annotator "ChessBase"]
[ECO "C25"]
[WhiteElo "1967"]
[BlackElo "2376"]
[PlyCount "83"]
[EventDate "2025.04.13"]
[EventType "swiss"]
[EventCountry "ESP"]
[SourceTitle "playchess.com"]
[Source "ChessBase"]
[SourceQuality "1"]
[TimeControl "5400+30"]

1. e4 e5 2. Nc3 Bb4 3. Nf3 d6 4. d4 Nd7 5. Bd2 Ngf6 6. dxe5 dxe5 7. Bc4 O-O 8. Qe2 c6 9. O-O-O b5 10. Bd3 Qe7 11. Nh4 g6 12. Bh6 Rd8 13. Nb1 Nc5 14. g3 Ng4 15. Be3 Be6 16. a3 Nxd3+ 17. Rxd3 Rxd3 18. cxd3 Bc5 19. Ng2 a5 20. f4 Rd8 21. Bxc5 Qxc5+ 22. Qc2 Nf2 23. Qxc5 Nxd3+ 24. Kc2 Nxc5 25. Nd2 Nxe4 26. Nxe4 Bf5 27. Re1 Rd4 28. Kc1 Bxe4 29. Ne3 exf4 30. gxf4 f5 31. Rd1 Rxd1+ 32. Nxd1 c5 33. Nc3 Bc6 34. Kd2 Kf7 35. Nd1 Kf6 36. h4 h6 37. Kc3 g5 38. hxg5+ hxg5 39. fxg5+ Kxg5 40. b4 cxb4+ 41. axb4 a4 42. Kd4 0-1

[Event "17th Memorial Lezcano Montalvo 2025"]
[Site "Gran Canaria"]
[Date "2025.04.13"]
[Round "2.18"]
[White "Strikovic, Aleksa"]
[Black "Gonzalez Martinez, Miguel Angel"]
[Result "1-0"]
[Annotator "ChessBase"]
[ECO "A55"]
[WhiteElo "2367"]
[BlackElo "2134"]
[PlyCount "101"]
[EventDate "2025.04.13"]
[EventType "swiss"]
[EventCountry "ESP"]
[SourceTitle "playchess.com"]
[Source "ChessBase"]
[SourceQuality "1"]
[TimeControl "5400+30"]

1. c4 Nf6 2. g3 d6 3. d4 Nbd7 4. Nf3 e5 5. Nc3 c6 6. e4 Be7 7. Bg2 O-O 8. O-O Re8 9. Qc2 a6 10. Rd1 Qc7 11. h3 b5 12. Be3 b4 13. Na4 c5 14. d5 h6 15. a3 b3 16. Qd3 Nf8 17. Nd2 Rb8 18. Nc3 Bd7 19. Ne2 Rb7 20. Rf1 Qc8 21. Kh2 N6h7 22. Rab1 f5 23. f3 Bg5 24. Nxb3 Bxe3 25. Qxe3 Qb8 26. Nd2 Ng6 27. b3 f4 28. gxf4 exf4 29. Nxf4 Nh4 30. Qf2 Qd8 31. Nd3 Qg5 32. f4 Qh5 33. Bf3 Nxf3+ 34. Qxf3 Qh4 35. Rg1 g5 36. f5 Nf6 37. Nf4 g4 38. Rbf1 Kh7 39. Rxg4 Nxg4+ 40. Qxg4 Qf6 41. Rg1 a5 42. a4 Bxa4 43. bxa4 Rb2 44. Qg6+ Qxg6 45. fxg6+ Kg8 46. Rg2 Rb4 47. Nh5 Re5 48. Nf6+ Kg7 49. Nf3 Re7 50. Nh5+ Kg8 51. Nh4 1-0

[Event "17th Memorial Lezcano Montalvo 2025"]
[Site "Gran Canaria"]
[Date "2025.04.13"]
[Round "2.19"]
[White "Rivero Tacoronte, Gabriel"]
[Black "Garcia Padron, Jose"]
[Result "1-0"]
[Annotator "ChessBase"]
[ECO "C43"]
[WhiteElo "1963"]
[BlackElo "2355"]
[PlyCount "119"]
[EventDate "2025.04.13"]
[EventType "swiss"]
[EventCountry "ESP"]
[SourceTitle "playchess.com"]
[Source "ChessBase"]
[SourceQuality "1"]
[TimeControl "5400+30"]

1. e4 e5 2. Nf3 Nf6 3. d4 exd4 4. e5 Ne4 5. Qxd4 d5 6. exd6 Nxd6 7. Nc3 Nc6 8. Qf4 Nf5 9. Bd2 Bd6 10. Qe4+ Nfe7 11. Nb5 Bf5 12. Qa4 Bc5 13. O-O-O Qc8 14. Bf4 Bb6 15. Bd3 O-O 16. Nbd4 Bd7 17. Qc4 Na5 18. Qc3 c5 19. Nb5 Bc6 20. Qe5 Ng6 21. Qh5 Bxf3 22. Qxf3 c4 23. Be4 Qc5 24. Bd6 Qxb5 25. Bxf8 Rxf8 26. Rd5 Qa4 27. Kb1 Nc6 28. c3 Nce7 29. Rd2 Nc6 30. Qf5 Qa5 31. Rd5 Qa6 32. Rd7 Nce7 33. Rxe7 Bd8 34. Rxb7 Qd6 35. Rd7 Qb8 36. h4 Qf4 37. Qxf4 Nxf4 38. Rxa7 f5 39. Bc6 Bb6 40. Rd7 Bxf2 41. Rf1 Bg3 42. Rf3 Bh2 43. g3 Ng6 44. Rd2 Bg1 45. Bd5+ Kh8 46. Bxc4 f4 47. gxf4 Nxh4 48. Rfd3 Bb6 49. Rd6 Bc7 50. Rd7 Bb6 51. R2d6 Bc5 52. Rc6 Be3 53. Rcc7 Bxf4 54. Rf7 Ng6 55. Rxf8+ Nxf8 56. Rc8 Bd6 57. a4 g5 58. a5 g4 59. a6 g3 60. Bf1 1-0

[Event "17th Memorial Lezcano Montalvo 2025"]
[Site "Gran Canaria"]
[Date "2025.04.13"]
[Round "2.20"]
[White "Barlov, Dragan"]
[Black "Ramirez Maillo, Juan Adonay"]
[Result "0-1"]
[Annotator "ChessBase"]
[ECO "D26"]
[WhiteElo "2351"]
[BlackElo "1956"]
[PlyCount "80"]
[EventDate "2025.04.13"]
[EventType "swiss"]
[EventCountry "ESP"]
[SourceTitle "playchess.com"]
[Source "ChessBase"]
[SourceQuality "1"]
[TimeControl "5400+30"]

1. d4 d5 2. c4 e6 3. Nf3 dxc4 4. e3 Nf6 5. Bxc4 a6 6. Qe2 b5 7. Bd3 Nbd7 8. a4 Bb7 9. O-O Be7 10. axb5 axb5 11. Rxa8 Qxa8 12. Bxb5 c6 13. Bd3 c5 14. dxc5 Bxc5 15. Nc3 O-O 16. e4 Rd8 17. Bg5 h6 18. Bh4 Bb4 19. Re1 g5 20. Nxg5 hxg5 21. Bxg5 Bxc3 22. bxc3 Qa5 23. h4 Qxc3 24. Rc1 Qe5 25. Qf3 Rc8 26. Rxc8+ Bxc8 27. Bf4 Qh5 28. Qg3+ Qg4 29. Qxg4+ Nxg4 30. f3 Nge5 31. Be2 Ng6 32. Bg3 Nf6 33. Be1 Nf4 34. Bc4 Nd7 35. Bd2 Ne5 36. Bb5 Nfg6 37. h5 Ne7 38. Kf2 Bd7 39. Be2 f5 40. Bc3 N5c6 0-1